 Dungeon Crawl Stone Soup version 0.27-a0-74-gebd156f8b4 (webtiles) character file.

Game seed: 7713125325922839414

10 kae the Insei (level 2, -2/18 HPs)
             Began as an Octopode Transmuter on Jan 11, 2021.
             Slain by a goblin (4 damage)
             ... on level 1 of the Dungeon.
             The game lasted 00:00:15 (293 turns).

kae the Insei (Octopode Transmuter)                  Turns: 293, Time: 00:00:16

Health: -2/18      AC:  1    Str:  9    XL:     2   Next: 20%
Magic:  4/5        EV: 13    Int: 15    God:
Gold:   30         SH:  0    Dex: 12    Spells: 4/5 levels left

rFire    . . .     SeeInvis .     - Unarmed
rCold    . . .     Faith    .   (no shield)
rNeg     . . .     Spirit   .   (helmet currently unavailable)
rPois    .         Reflect  .   (no amulet)
rElec    .         Harm     .   (no ring)
rCorr    .         Rampage  .   (no ring)
Will     .....                  (no ring)
Stlth    ++........             (no ring)
HPRegen  0.06/turn              (no ring)
MPRegen  0.09/turn              (no ring)
                                (no ring)
                                (no ring)

@: appendages (expiring)
A: almost no armour, stealthy swim, amphibious, 8 rings, constrict 8, tentacle
spike 3, camouflage 1, gelatinous body 1
a: End Transformation


You were on level 1 of the Dungeon.
One of your tentacles had a temporary spike.
You visited 1 branch of the dungeon, and saw 1 of its levels.

You collected 30 gold pieces.

Inventory:

Jewellery
 c - an uncursed ring of fire
Scrolls
 a - a scroll of teleportation {unknown}
 b - a scroll of immolation {unknown}
Potions
 d - a potion of cancellation {unknown}


   Skills:
 + Level 1.2 Fighting
 + Level 2.1 Dodging
 * Level 3.2 Unarmed Combat
 + Level 2.1 Spellcasting
 + Level 2.1 Transmutations


You had 4 spell levels left.
You knew the following spells:

 Your Spells              Type           Power        Failure   Level
a - Beastly Appendage     Tmut           16%          9%          1

Your spell library contained the following spells:

 Spells                   Type           Power        Failure   Level
 Wereblood                Tmut           8%           14%         2
 Spider Form              Tmut/Pois      2%           38%         3
 Ice Form                 Ice/Tmut       4%           80%         4
 Blade Hands              Tmut           4%           94%         5


Dungeon Overview and Level Annotations

Branches:
Dungeon (1/15)

Altars:


Innate Abilities, Weirdness & Mutations

You cannot wear most types of armour.
You are very stealthy in the water. (Stealth+)
You are amphibious.
You can wear up to eight rings at the same time.
You can use your tentacles to constrict eight enemies at once.
Your skin changes colour to match your surroundings (Stealth+).
Your rubbery body absorbs attacks. (AC +1, EV +1)
One of your tentacles bears a large vicious spike.


Message History

The hobgoblin hits you with a +0 club.
* * * LOW HITPOINT WARNING * * *
You tentacle-slap the hobgoblin.
You kill the hobgoblin!
d - a fuming inky potion You see here a +0 club.
A goblin comes into view.
A goblin is nearby!
Casting: Beastly Appendage (safe; 9% risk of failure)
Confirm with . or Enter, or press ? or * to list all spells.
One of your tentacles grows a vicious spike.
The goblin shouts!
The goblin hits you.
You miss the goblin. Your grab misses the goblin.
Your tentacle spike misses the goblin.
The goblin hits you.
* * * LOW HITPOINT WARNING * * *
You barely miss the goblin. Your grab misses the goblin.
Your transformation is almost over.
The goblin hits you.
You die...

#†##.# #.##.# #
#.##># #. #†##.#
.###..########.##.#
..................#
.......†.......####
##########g#####
#@# #.# #.# #.# #..
#.# #.# #.# #..


You could see a goblin.

Vanquished Creatures
  A ball python (D:1)
  2 bats (D:1)
  2 giant cockroaches (D:1)
  A hobgoblin (D:1)
  2 kobolds (D:1)
  A rat (D:1)
9 creatures vanquished.

Notes
Turn   | Place    | Note
-------+----------+-------------------------------------------
     0 | D:1      | kae the Octopode Transmuter began the quest for the Orb.
     0 | D:1      | Reached XP level 1. HP: 13/13 MP: 3/3
   165 | D:1      | Reached XP level 2. HP: 15/18 MP: 5/5
   293 | D:1      | Slain by a goblin

Illustrated notes

Levels and vault maps discovered:
D:1:      onia_arrival_pyramid, layout_loops_ring

Action                   || total
-------------------------++-------
Melee: Unarmed           ||    19
       Constrict         ||     4
       Tentacles         ||     3
       Kick              ||     1
       Punch             ||     1
 Cast: Beastly Appendage ||     6
 Stab: Sleeping          ||     2
Armor: Skin              ||     1
Dodge: Dodged            ||    14

Table legend: (Time is in decaauts)
 A = Elapsed time spent in this place.
 B = Non-inter-level travel time spent in this place.
 C = Inter-level travel time spent in this place.
 D = Time resting spent in this place.
 E = Time spent auto-exploring this place.
 F = Levels seen in this place.
 G = Mean time per level.
                   A        B        C        D        E       F      G
               +--------+--------+--------+--------+--------+-----+--------+
         Total |    290 |    290 |      0 |      0 |    220 |   1 |  290.0 |
       Dungeon |    290 |    290 |      0 |      0 |    220 |   1 |  290.0 |
               +--------+--------+--------+--------+--------+-----+--------+

Top non-repeatable levels by time:
     D:1: 290 daAuts
